 Dungeon Crawl Stone Soup version 0.22.0-5-gf09313c (webtiles) character file.

30 Lew the Ducker (level 3, -5/19 HPs)
             Began as a Spriggan Fighter on Aug 13, 2018.
             Killed from afar by Sigmund (6 damage)
             ... with a magic dart
             ... on level 2 of the Dungeon.
             The game lasted 00:02:26 (1444 turns).

Lew the Ducker (Spriggan Fighter)                   Turns: 1444, Time: 00:02:27

Health: -5/19      AC:  2    Str: 10 (12) XL:     3   Next: 3%
Magic:  4/4        EV: 19    Int:  8 (9)  God:
Gold:   88         SH:  6    Dex: 13 (16) Spells: 2/2 levels left

rFire    . . .     SeeInvis +   a - +2 rapier
rCold    . . .     Gourm    .   c - +0 buckler
rNeg     . . .     Faith    .   b - +0 robe
rPois    .         Spirit   .   (helmet restricted)
rElec    .         Reflect  .   (no cloak)
rCorr    .         Harm     .   (gloves unavailable)
MR       .....                  (boots unavailable)
Stlth    ++........             (no amulet)
HPRegen  0.06/turn              (no ring)
MPRegen  0.09/turn              (no ring)

@: very quick
A: very small, unfitting armour, see invisible, herbivore, speed 3, slow
metabolism 2
a: no special abilities


You were on level 2 of the Dungeon.
You were not hungry.

You visited 1 branch of the dungeon, and saw 2 of its levels.

You collected 88 gold pieces.

Inventory:

Hand Weapons
 a - a +2 rapier (weapon)
Armour
 b - a +0 robe (worn)
 c - a +0 buckler (worn)
Scrolls
 e - a scroll of fear {unknown}
 g - a scroll of fog
Potions
 d - 2 potions of might
 m - 2 potions of curing
Comestibles
 f - 6 rations


   Skills:
 + Level 2.7 Fighting
 + Level 2.5 Short Blades
 * Level 5.1 Dodging
 + Level 1.7 Stealth
 - Level 2.1 Shields


You had 2 spell levels left.
You didn't know any spells.
Your spell library was empty.

Dungeon Overview and Level Annotations

Branches:
Dungeon (2/15)

Altars:

Annotations:
D:2 Sigmund


Innate Abilities, Weirdness & Mutations

You are very small and have problems with some larger weapons.
You are too small for most types of armour.
You have supernaturally acute eyesight. (SInv)
You are a herbivore.
You cover ground extremely quickly.
You need to consume almost no food.


Message History

Sigmund is severely wounded.
The bat hits you but does no damage. Sigmund casts a spell at you.
The magic dart hits you!
* * * LOW HITPOINT WARNING * * *
You hit Sigmund but do no damage.
Sigmund is severely wounded.
The bat misses you. The bat hits you but does no damage. Sigmund misses you.
The rat bites you.
* * * LOW HITPOINT WARNING * * *
You hit Sigmund.
Sigmund is almost dead.
You block the bat's attack. You block the rat's attack. Sigmund misses you.
The rat closely misses you.
You completely miss Sigmund.
Sigmund is almost dead.
You block the bat's attack. Sigmund casts a spell at you.
The magic dart hits you!
You die...

,,,,******** ,,,,,*.....#*
*####*** ,,,,,,....!.#* *...,,,*
,,,,,,>......* ###..^,>,*
,,,,,,.......*##....,,,,*
,,,,,,.......##....,**********
,,,,,,...$.b.....#*** **,,,,,**
,,,,,,......)##b.# **,,,,,,,**
,,,,,,........)r@## *,,,,,,,,,*
*,,,,,...........@####.,,,,,,,,*
*,,,,*#########?†.......,,,,,,,*
****,** ####.#.......,,,,,,,*
,,***,* #....######..,,,,,,,*
,,,,*** ##.#### **.,,,,,,**
,,,,,_* #..# *,,,,,,,,,* ,,,,###
#.#######***,,,,,,,,,* ,,###.#
#........,,,,,,,,,,,,*


You could see Sigmund (invisible), a bat and a rat.

Vanquished Creatures
  2 dart slugs
  A worm (D:1)
  A leopard gecko (D:2)
  A giant cockroach (D:1)
  5 goblins (D:1)
  3 hobgoblins
  2 kobolds
  3 bats (D:2)
  3 rats
21 creatures vanquished.

Notes
Turn   | Place    | Note
-------+----------+-------------------------------------------
     0 | D:1      | Lew the Spriggan Fighter began the quest for the Orb.
     0 | D:1      | Reached XP level 1. HP: 11/11 MP: 2/2
   826 | D:1      | Reached skill level 1 in Stealth
   842 | D:1      | Reached XP level 2. HP: 12/16 MP: 3/3
  1297 | D:2      | Reached skill level 5 in Dodging
  1412 | D:2      | Noticed Sigmund
  1416 | D:2      | Reached XP level 3. HP: 19/19 MP: 4/4
  1444 | D:2      | Killed from afar by Sigmund

Skill      XL: |  1  2 |
---------------+-------+-----
Stealth        | 1 |  1.7
Dodging        | 5 |  5.1
Fighting       | |  2.7
Short Blades   | |  2.5
Shields        | |  2.1

Action                   || total
-------------------------++-------
Melee: Rapier            ||    68
  Use: Scroll            ||     6
       Potion            ||     2
 Stab: Sleeping          ||     1
Armor: Robe              ||     5
Dodge: Dodged            ||    44
Block: Buckler           ||    20
